Map: Scythe of Amon

Players

Dante

  • Race: Zerg Zerg
  • League: Gold
  • Spawn Location: 5:00

NamroodTuo

  • Race: Zerg Zerg

VOD

Have the link to the VOD?

Description

Time

  • Played on: June 5, 2023, 8:39 a.m.
  • Length: 20:56
Show
View Real Time Build Order
Export as new Build Order

Dante Zerg 

Build Orders:  

Get SALT Encoding   

  6  0:09  Drone x2  
  7  0:19  Drone x2  
  8  0:27  Drone x2  
  9  0:35  Drone x2  
  10  0:45  Drone x2  
  11  1:06  Spawning Pool  
  10  1:13  Extractor  
  10  1:14  Drone x2  
  11  1:32  Overlord  
  11  1:33  Drone x2  
  12  1:44  Extractor  
  12  1:47  Overlord  
  12  1:49  Drone x2  
  12  2:09  Drone x2  
  13  2:17  Centrifugal Hooks  
  13  2:19  Baneling Nest  
  13  2:38  Drone x2  
  14  2:40  Lair  
  14  2:53  Evolution Chamber  
  14  2:54  Evolution Chamber  
  14  2:59  Baneling x8  
  13  3:12  Drone x2, Overlord  
  13  3:15  Overlord  
  18  3:29  Baneling x8  
  18  3:46  Scourge Nest  
  21  3:59  Baneling x8  
  21  4:07  Overlord, Zergling x3, Corrosive Acid  
  21  4:08  Zergling x12  
  33  4:29  Baneling x8  
  33  4:37  Overlord x2  
  33  4:49  Zerg Ground Armor Level 1  
  37  4:59  Baneling x8  
  37  5:04  Scourge x4  
  37  5:13  Hatchery  
  37  5:17  Metabolic Boost  
  42  5:20  Drone x2  
  42  5:29  Baneling x8  
  33  5:34  Scourge x4  
  35  5:59  Baneling x8  
  35  6:03  Hive  
  35  6:04  Scourge x4  
  35  6:05  Overlord, Zergling x6  
  35  6:06  Zergling x9  
  46  6:29  Baneling x8  
  44  6:33  Hatchery  
  44  6:34  Scourge x4  
  44  6:36  Drone x2  
  44  6:42  Drone x2  
  51  6:53  Overseer  
  51  6:59  Baneling x8  
  51  7:00  Drone x2  
  51  7:02  Drone x2  
  51  7:04  Unknown, Scourge x4  
  50  7:17  Overlord  
  50  7:18  Drone x2  
  57  7:29  Baneling x8  
  57  7:34  Rupture, Scourge x4  
  39  7:43  Extractor x2, Drone x2  
  39  7:44  Drone x2  
  45  7:52  Unknown  
  45  7:53  Drone x2  
  45  7:59  Drone x2, Baneling x8  
  47  8:04  Scourge x4  
  47  8:05  Drone x2  
  47  8:07  Drone x2  
  54  8:23  Drone x6  
  54  8:29  Baneling x8  
  57  8:34  Scourge x4  
  57  8:44  Zerg Ground Armor Level 2  
  63  8:50  Overlord  
  63  8:59  Baneling x8  
  62  9:03  Hardened Carapace  
  62  9:04  Scourge x4  
  62  9:05  Virulent Spores  
  61  9:18  Overseer  
  67  9:29  Baneling x8  
  66  9:34  Scourge x4  
  59  9:58  Hatchery  
  59  9:59  Baneling x8  
  59  10:04  Scourge x4  
  59  10:05  Hatchery  
  58  10:11  Aberration  
  58  10:12  Aberration x2  
  58  10:13  Overlord  
  58  10:19  Adrenal Overload  
  77  10:23  Baneling x2  
  77  10:25  Baneling x2  
  77  10:26  Overseer  
  77  10:28  Unknown x2  
  77  10:29  Baneling x8  
  70  10:34  Scourge x4  
  45  10:41  Aberration x2  
  51  10:57  Unknown  
  51  10:59  Baneling x8  
  51  11:02  Overseer x2  
  51  11:04  Scourge x4  
  51  11:09  Zerg Flyer Weapons Level 1  
  51  11:14  Baneling x2  
  57  11:29  Baneling x8  
  46  11:34  Scourge x4  
  46  11:35  Overlord, Zergling x3  
  46  11:36  Zergling x57  
  73  11:43  Unknown  
  79  11:51  Shredding Claws  
  79  11:59  Baneling x8  
  79  12:04  Scourge x4  
  79  12:06  Protective Cover  
  79  12:08  Zergling x3  
  79  12:09  Zergling x12  
  85  12:19  Queen  
  89  12:22  Queen  
  89  12:29  Baneling x8  
  90  12:34  Scourge x4  
  90  12:39  Queen  
  91  12:40  Overlord  
  91  12:41  Overlord  
  91  12:42  Zergling x3  
  91  12:43  Zergling x3  
  91  12:44  Zergling x3  
  101  12:50  Baneling x2  
  101  12:59  Baneling x8  
  105  13:04  Scourge x4  
  89  13:10  Unknown  
  89  13:13  Unknown  
  80  13:25  Overseer x2  
  80  13:28  Overseer  
  80  13:29  Baneling x8  
  78  13:34  Scourge x4  
  78  13:45  Zerg Ground Armor Level 3  
  80  13:57  Aberration x4  
  80  13:59  Zergling x18, Baneling x8  
  78  14:00  Zergling x3  
  78  14:04  Scourge x4  
  79  14:13  Zerg Flyer Armor Level 1  
  85  14:29  Baneling x8  
  85  14:30  Scourge  
  85  14:34  Scourge x4  
  85  14:49  Aberration x2  
  93  14:50  Zergling x3  
  93  14:51  Zergling x27  
  93  14:52  Zergling x6  
  93  14:59  Baneling x8  
  110  15:04  Scourge x4  
  102  15:17  Overlord x2  
  102  15:18  Overlord  
  102  15:19  Zergling x6  
  106  15:20  Zergling x15  
  106  15:26  Unknown  
  106  15:29  Baneling x8  
  113  15:31  Scourge x2  
  113  15:33  Baneling x2  
  113  15:34  Scourge x4  
  113  15:35  Aberration  
  113  15:36  Zergling x3  
  113  15:39  Scourge x2  
  100  15:52  Unknown  
  100  15:59  Baneling x8  
  86  16:04  Scourge x4  
  85  16:14  Overlord x2  
  85  16:15  Aberration x2  
  85  16:17  Zergling x3  
  85  16:18  Zergling x3  
  104  16:29  Baneling x8  
  98  16:31  Unknown x2  
  98  16:34  Scourge x4  
  98  16:38  Aberration  
  92  16:42  Zergling x9  
  97  16:51  Baneling x2  
  97  16:52  Unknown  
  97  16:53  Unknown, Zerg Flyer Weapons Level 2  
  97  16:59  Baneling x8  
  69  17:04  Scourge x4  
  67  17:16  Aberration  
  67  17:17  Zergling x3  
  81  17:26  Unknown x3, Scourge x2  
  81  17:28  Unknown  
  81  17:29  Baneling x8  
  79  17:34  Scourge x4  
  79  17:39  Aberration, Zergling x3  
  81  17:40  Zergling x18  
  81  17:41  Zergling x3  
  98  17:59  Aberration, Baneling x8  
  100  18:00  Overlord x2  
  100  18:04  Overlord, Scourge x4  
  97  18:18  Scourge x2  
  103  18:29  Baneling x8  
  95  18:34  Scourge x4  
  95  18:36  Unknown x3  
  92  18:40  Aberration  
  92  18:41  Zergling x3  
  92  18:42  Zergling x9  
  106  18:56  Unknown  
  106  18:57  Zergling x3  
  106  18:58  Zergling x3  
  106  18:59  Baneling x8  
  113  19:04  Scourge x4  
  113  19:12  Unknown x2  
  118  19:21  Overlord  
  118  19:22  Zergling x3  
  118  19:23  Zergling x15  
  118  19:29  Baneling x8  
  125  19:34  Scourge x4  
  125  19:38  Aberration  
  125  19:39  Aberration  
  135  19:57  Zergling x3  
  135  19:58  Zergling x27  
  135  19:59  Baneling x8  
  149  20:03  Scourge x2  
  149  20:04  Baneling x2, Scourge x4  
  149  20:07  Baneling x2  
  149  20:09  Scourge x2  
  120  20:10  Baneling x2  
  120  20:19  Scourge x2  
  119  20:21  Zergling x9  
  119  20:22  Zergling x15  
  119  20:23  Zergling x12  
  119  20:24  Scourge x2  
  119  20:25  Scourge  
  119  20:28  Scourge x2  
Show
View Real Time Build Order
Export as new Build Order

NamroodTuo Zerg 

Build Orders:  

Get SALT Encoding   

  12  0:18  Infested Barracks  
  12  0:25  Infested SCV  
  13  0:33  Infested SCV  
  14  0:40  Infested SCV  
  15  0:52  Overlord  
  15  1:18  Infested SCV  
  16  1:20  Infestation Level 1  
  16  1:25  Infested SCV  
  17  1:30  Infested SCV  
  17  1:35  Infested SCV  
  19  1:40  Infested SCV  
  20  1:53  Overlord  
  20  2:03  Infested Engineering Bay  
  20  2:09  Infested SCV  
  21  2:26  Infested SCV  
  22  2:41  Overlord  
  22  2:51  Infested Refinery  
  22  2:57  Infested SCV  
  23  3:13  Infested Bunker  
  27  3:27  Infested SCV  
  27  3:29  Infested SCV, Infested Refinery  
  29  3:46  Infested SCV  
  30  3:58  Infested Barracks Tech Lab  
  30  4:26  Infested Bunker  
  30  4:28  Infested SCV  
  35  4:30  Overlord  
  35  4:40  Anaerobic Enhancement  
  35  4:51  Infested SCV  
  35  4:53  Infested SCV  
  41  5:54  Infested Bunker  
  41  5:55  Unknown  
  45  6:19  Infested Marine  
  46  6:20  Infested Marine  
  46  6:27  Overlord x3  
  47  6:39  Retinal Augmentation  
  47  6:43  Stukov Infantry Weapons Level 1  
  47  6:48  Infested Bunker  
  47  6:52  Infested SCV x2  
  47  6:53  Infested SCV  
  50  7:41  Plagued Munitions  
  50  7:54  Infested Command Center  
  50  8:17  Infested Bunker  
  52  8:42  Infestation Level 2  
  52  9:23  Stukov Infantry Armor Level 1  
  52  9:25  Infested Bunker  
  56  9:36  Infested SCV x2  
  56  9:37  Overlord  
  58  9:52  Infested Factory  
  58  10:05  Infested SCV x3  
  60  10:43  Infested Bunker  
  60  10:46  Infested SCV x3  
  67  10:52  Overlord  
  67  11:14  Infested SCV, Infested Armory  
  68  11:27  Infested Marine  
  68  11:28  Infested Marine x10  
  79  11:36  Infested Barracks  
  79  11:41  Infested SCV x2  
  79  11:43  Infested SCV  
  82  12:03  Stukov Infantry Weapons Level 2  
  82  12:11  Broodling Gestation  
  86  12:42  Infested Bunker  
  84  13:08  Infested Refinery  
  80  13:29  Infested SCV x2  
  77  13:30  Infested SCV x3  
  77  13:32  Overlord x2  
  77  13:33  Overlord x3  
  84  13:41  Infestation Level 3, Infested Bunker  
  84  14:10  Infested Marine x5  
  84  14:11  Infested Marine x25  
  84  14:12  Infested Marine  
  104  15:13  Regenerative Plating  
  104  15:16  Infested Bunker  
  104  15:19  Infested Bunker  
  116  15:23  Infested Bunker  
  116  15:50  Overseer x2  
  116  15:51  Overseer x3  
  96  16:13  Stukov Infantry Armor Level 2  
  96  16:20  Infested Marine  
  96  16:21  Infested Marine x23  
  96  16:28  Infested Bunker  
  128  16:37  Infested Bunker  
  132  16:42  Infested Bunker  
  127  18:16  Infested Bunker  
  127  18:19  Infested Bunker  
  124  18:25  Infested Bunker  
  132  19:07  Infested Bunker  
  132  19:08  Infested Bunker  
  132  19:14  Infested Bunker  
  132  19:23  Calcified Armor  
  132  19:50  Infested Marine x3  
  132  19:51  Infested Marine x7  
  132  19:53  Overlord x2  
  132  19:54  Overlord x5  
  132  19:55  Overlord x2  
Tags
 
Commander
StukovZagara
League
Gold
Matchup
Co-op
Replay Pack
Multiplayer
Add a new tag
Caveats
  • Supply blocks, unpowered buildings, or Contaminate may cause inaccurate times.
  • Supply counts are checked every 10 seconds.